AoeStats
← redoubz

Arabia

510001455Analyzed
1v1 RM · 4d ago on Sep 29, 2026· 36m 16s· 2 players
Game mode
Random Map
Map size
Tiny (2 player)
Population
200
Speed
Normal
Resources
Standard
Victory
Conquest
Starting age
Dark Age
Ending age
Imperial Age
RankedLock teamsTeams togetherTeam positionsShared explorationLock speedFull tech treeHidden civsTurbo modeCheats
Victory
Defeat
1010
+18
🇨🇦 Spanish · Canada
1055
-18
_NVIDIA_GEFORCE_RTX_4070_
7:25 Loom
10:05 Feudal Age
10:11 Man-at-Arms
10:36 Arson
10:38 Double-Bit Axe
14:39 Fletching
16:11 Scale Mail Armor
17:37 Scale Barding Armor
18:25 Bloodlines
22:41 Scale Barding Armor
23:04 Horse Collar
26:02 Forging
29:53 Castle Age
28:19 Padded Archer Armor
29:04 Town Watch
29:13 Gold Mining
29:36 Stone Mining
30:32 Bodkin Arrow
32:35 Bow Saw
33:32 Light Cavalry
34:13 Husbandry
redoubz
7:16 Loom
11:02 Feudal Age
11:43 Double-Bit Axe
31:12 Castle Age
31:19 Pikeman
31:46 Gambesons
31:29 Elite Skirmisher
Connection lost

Rejoining the realm…

Still unreachable

The connection could not be restored.

Session expired

The server has moved on; the page needs a fresh start.